[Event "Titled Tuesday Blitz June 28 Late 2022"]
[White "Boruchovsky, Avital"]
[Black "Paravyan, David"]
[WhiteFideId "2800055"]
[BlackFideId "4194985"]
[WhiteElo "2818"]
[BlackElo "2918"]
[Result "0-1"]
[Round "11"]
[TimeControl "180+1"]
[Date "2022.06.28"]
[WhiteClock "0:00:11"]
[BlackClock "0:01:25"]

1. e4 e5 2. Nf3 Nf6 3. Nxe5 d6 4. Nf3 Nxe4 5. d4 d5 6. Bd3 Bd6 7. O-O O-O 8. c4 c6 9. Nc3 Nxc3 10. bxc3 dxc4 11. Bxc4 Bg4 12. h3 Bh5 13. Rb1 b5 14. Bd3 Nd7 15. Qc2 Bxf3 16. gxf3 Qh4 17. Kg2 Nf6 18. Re1 Rae8 19. Bd2 Nd5 20. Re4 Bf4 21. Be1 Qg5+ 22. Kf1 f5 23. Rxe8 Rxe8 24. Bxf5 Bh2 25. Bg4 h5 26. Qf5 Qe7 27. Kg2 Bc7 28. Bxh5 Nf4+ 29. Kg1 g6 30. Bxg6 Qxe1+ 31. Rxe1 Rxe1+ 32. Kh2 Nxg6+ 33. f4 Bxf4+ 34. Kg2 Nh4# 0-1


[Site "https://www.chess.com"]

[Event "Titled Tuesday Blitz June 28 Late 2022"]
[White "Brodowski, Piotr"]
[Black "Petrovic, Aleksa"]
[WhiteFideId "1124480"]
[BlackFideId "967629"]
[WhiteElo "2589"]
[BlackElo "2499"]
[Result "1-0"]
[Round "11"]
[TimeControl "180+1"]
[Date "2022.06.28"]
[WhiteClock "0:00:52"]
[BlackClock "0:00:02"]

1. f4 d5 2. Kf2 Nc6 3. d3 e5 4. fxe5 Nxe5 5. h3 Bc5+ 6. e3 d4 7. e4 f5 8. Nd2 Qh4+ 9. g3 Qf6 10. Ngf3 Nxf3 11. Kxf3 fxe4+ 12. Kg2 e3 13. Ne4 Qe7 14. Qh5+ Qf7 15. Qxc5 Nf6 16. Qxd4 Nxe4 17. Qxe4+ Be6 18. Bxe3 O-O-O 19. Kh2 Bd5 20. Qg4+ Kb8 21. Bg2 Rhe8 22. Rae1 Bxg2 23. Kxg2 Qxa2 24. Bc1 Qd5+ 25. Qf3 Qc5 26. Qf2 Qc6+ 27. Kh2 Rf8 28. Qg2 Qc5 29. Rhf1 a5 30. Rxf8 Rxf8 31. Bf4 g5 32. Be3 Qd6 33. Rf1 Re8 34. Qf3 h5 35. c3 g4 36. Qf2 h4 37. Bf4 hxg3+ 38. Bxg3 Qxd3 39. Re1 Rxe1 40. Qxe1 Qc2+ 41. Bf2 gxh3 42. Qe8# 1-0


[Site "https://www.chess.com"]

[Event "Titled Tuesday Blitz June 28 Late 2022"]
[White "Carrasco Miranda, Andres"]
[Black "Jorajuria Mendoza, Algol"]
[WhiteFideId "3405990"]
[BlackFideId "5128897"]
[WhiteElo "2177"]
[BlackElo "1600"]
[Result "1-0"]
[Round "11"]
[TimeControl "180+1"]
[Date "2022.06.29"]
[WhiteClock "0:00:51"]
[BlackClock "0:00:16"]

1. d4 Nf6 2. c4 e6 3. g3 d5 4. Bg2 Bb4+ 5. Nd2 O-O 6. Nf3 Nbd7 7. O-O a6 8. a3 Bd6 9. c5 Be7 10. b4 c6 11. Bb2 Ne8 12. e4 dxe4 13. Nxe4 Nef6 14. Ned2 Nd5 15. Nc4 b5 16. Na5 Nb8 17. Re1 Qe8 18. Ne5 Bd8 19. Nb3 f6 20. Nd3 Qf7 21. Qd2 a5 22. Nxa5 Bxa5 23. bxa5 Bb7 24. Bh3 Re8 25. Nf4 Bc8 26. Re2 Nxf4 27. Qxf4 e5 28. Qh4 Bxh3 29. Qxh3 exd4 30. Rae1 Nd7 31. Bxd4 Qd5 32. Rxe8+ Rxe8 33. Rxe8+ Kf7 34. Rd8 Ke7 35. Rxd7+ 1-0


[Site "https://www.chess.com"]

[Event "Titled Tuesday Blitz June 28 Late 2022"]
[White "Clarke, Brandon G I"]
[Black "Plazuelo Pascual, Juan"]
[WhiteFideId "400319"]
[BlackFideId "32059566"]
[WhiteElo "2802"]
[BlackElo "2615"]
[Result "0-1"]
[Round "11"]
[TimeControl "180+1"]
[Date "2022.06.28"]
[WhiteClock "0:00:19"]
[BlackClock "0:00:10"]

1. e4 c5 2. Nf3 Nc6 3. Nc3 e5 4. Bc4 Be7 5. d3 d6 6. Nd2 Nf6 7. Nf1 O-O 8. Ne3 a6 9. a4 Nb4 10. O-O Be6 11. Ncd5 Nbxd5 12. exd5 Bd7 13. a5 Ne8 14. c3 f5 15. f4 exf4 16. Rxf4 g5 17. Rf2 f4 18. Nf1 Nf6 19. h3 Qe8 20. Nd2 Qg6 21. Re2 Rae8 22. Qf1 g4 23. hxg4 Nxg4 24. Nf3 Qh5 25. Bd2 Rf6 26. g3 fxg3 27. Qg2 Ref8 28. Rf1 Bd8 29. d4 Kh8 30. dxc5 Nh2 31. Re3 Nxf1 32. Bxf1 Rxf3 33. Be2 Qh2+ 34. Qxh2 gxh2+ 35. Kxh2 Rxe3 36. Bxe3 dxc5 37. Bxc5 Re8 38. Bf3 Bf6 39. Kg3 Be5+ 40. Kf2 Rc8 41. Bb6 Kg7 42. Ke3 Kf6 43. Be4 h5 44. Kf3 h4 45. Bf2 h3 46. Bh4+ Kg7 47. Be7 Rh8 48. Kf2 Kf7 49. d6 h2 50. Bd5+ Be6 51. Bh1 Ke8 52. Ke3 Kd7 53. Ke4 Bxd6 54. Bf6 Rh5 55. c4 Bxc4 56. Kd4 Bd5 57. Bxd5 Rxd5+ 58. Kxd5 h1=Q+ 59. Kc4 Qe4+ 60. Kb3 Qf3+ 61. Bc3 Be5 62. Kc4 Bxc3 63. bxc3 Qc6+ 64. Kb4 Qb5+ 65. Ka3 Qxa5+ 66. Kb3 Qb6+ 67. Kc4 Qc6+ 68. Kb3 Kc7 69. c4 Qc5 70. Kc3 a5 71. Kb3 Qb4+ 72. Kc2 Qxc4+ 73. Kb2 Qe2+ 74. Kb3 Qd3+ 75. Ka4 Qc4+ 76. Ka3 Qb4+ 77. Ka2 Kc6 78. Ka1 Kc5 79. Ka2 Kc4 80. Ka1 Kc3 0-1


[Site "https://www.chess.com"]

[Event "Titled Tuesday Blitz June 28 Late 2022"]
[White "Clawitter, Craig"]
[Black "Yurasova, Daria"]
[WhiteFideId "2023105"]
[BlackFideId "34146919"]
[WhiteElo "2232"]
[BlackElo "2021"]
[Result "1-0"]
[Round "11"]
[TimeControl "180+1"]
[Date "2022.06.29"]
[WhiteClock "0:00:46"]
[BlackClock "0:00:13"]

1. e4 e5 2. Nf3 Nc6 3. Bb5 a6 4. Ba4 Nf6 5. d3 b5 6. Bb3 Bc5 7. O-O d6 8. a4 Bb7 9. Nc3 b4 10. Nd5 h6 11. a5 Bc8 12. h3 Be6 13. c3 bxc3 14. bxc3 O-O 15. d4 exd4 16. cxd4 Ba7 17. Re1 Bxd5 18. exd5 Ne7 19. Nh2 Rb8 20. Bc4 Nexd5 21. Bxa6 Rb4 22. Nf3 Qa8 23. Bd2 Rb2 24. Bd3 Ne7 25. Rxe7 Nd5 26. Re1 Rbb8 27. Rc1 c5 1-0


[Site "https://www.chess.com"]

[Event "Titled Tuesday Blitz June 28 Late 2022"]
[White "D`Arruda, Ricardo D."]
[Black "Chernomordik, Pavel"]
[WhiteFideId "100692"]
[BlackFideId "2804530"]
[WhiteElo "2435"]
[BlackElo "2220"]
[Result "0-1"]
[Round "11"]
[TimeControl "180+1"]
[Date "2022.06.29"]
[WhiteClock "0:00:04"]
[BlackClock "0:01:07"]

1. Nf3 g6 2. d4 Bg7 3. e4 d6 4. Nc3 a6 5. Bg5 b5 6. Qd2 Bb7 7. O-O-O h6 8. Bh4 g5 9. Bg3 b4 10. Nd5 a5 11. Bc4 e6 12. Ne3 Bxe4 13. Rhe1 d5 14. Bd3 Bxf3 15. gxf3 Ne7 16. f4 gxf4 17. Bxf4 Nbc6 18. Ng4 Bxd4 19. Bxh6 Qd6 20. Bf4 Qc5 21. Bg5 O-O-O 22. h4 Rdf8 23. Nf6 Bxf2 24. Ba6+ Kd8 25. Nxd5 Bxe1 26. Rxe1 Qxd5 27. Qe3 Qxa2 28. Rd1+ Ke8 29. Qc5 Qa1+ 30. Kd2 Qxb2 31. Bb5 Qc3+ 32. Qxc3 bxc3+ 33. Kxc3 f6 0-1


[Site "https://www.chess.com"]

[Event "Titled Tuesday Blitz June 28 Late 2022"]
[White "Dardha, Daniel"]
[Black "Bayo Milagro, Alvaro"]
[WhiteFideId "240990"]
[BlackFideId "22275240"]
[WhiteElo "2800"]
[BlackElo "2629"]
[Result "1-0"]
[Round "11"]
[TimeControl "180+1"]
[Date "2022.06.28"]
[WhiteClock "0:00:11"]
[BlackClock "0:00:04"]

1. e4 e5 2. Bb5 c6 3. Ba4 Nf6 4. Qe2 Bc5 5. d3 Qa5+ 6. Nc3 Bb4 7. Bd2 Bxc3 8. Bxc3 Qxa4 9. Bxe5 Qa5+ 10. Bc3 Qd8 11. Nf3 d6 12. O-O-O Be6 13. g4 Nbd7 14. g5 Nh5 15. Qe3 Qb6 16. Nd4 O-O-O 17. f4 Rhe8 18. Kb1 g6 19. Qd2 Kb8 20. Nxe6 fxe6 21. Ba5 Qb5 22. Bxd8 Rxd8 23. Qc3 Nxf4 24. Qg7 Qxg5 25. Rdf1 e5 26. Qxh7 Qf6 27. d4 Kc7 28. dxe5 Qxe5 29. Qf7 Rf8 30. Qc4 g5 31. Rd1 Nc5 32. Rhe1 b5 33. Qb4 Kb6 34. Qd2 Rf6 35. Qe3 Kb7 36. Qg3 Na4 37. Qa3 Ne6 38. Rxd6 Nec5 39. Rxf6 Qxf6 40. e5 Qf2 41. Qe3 Qxe3 42. Rxe3 Ne6 43. b4 c5 44. a3 cxb4 45. axb4 Nb6 46. Rd3 Nc4 47. Rd7+ Kb6 48. Re7 Nc7 49. e6 Kc6 50. c3 a6 51. Kc2 Ne3+ 52. Kd3 Ned5 53. Rf7 Nxe6 54. Ke4 Kd6 55. Ra7 Nxc3+ 56. Kf5 Nc7 57. Kxg5 Kc6 58. h4 Kb6 59. Rxc7 Kxc7 60. h5 Ne4+ 61. Kg6 Nf2 62. h6 Ng4 63. h7 Ne5+ 1-0


[Site "https://www.chess.com"]

[Event "Titled Tuesday Blitz June 28 Late 2022"]
[White "Deac, Bogdan-Daniel"]
[Black "Laurusas, Tomas"]
[WhiteFideId "1226380"]
[BlackFideId "12803731"]
[WhiteElo "2920"]
[BlackElo "2879"]
[Result "1-0"]
[Round "11"]
[TimeControl "180+1"]
[Date "2022.06.28"]
[WhiteClock "0:00:05"]
[BlackClock "0:00:02"]

1. e4 c5 2. Nf3 e6 3. g3 d6 4. d4 cxd4 5. Nxd4 Bd7 6. Bg2 Nc6 7. Nb5 Qb8 8. c4 Nf6 9. N1c3 Be7 10. Bf4 Ne5 11. Qd4 a6 12. Na3 O-O 13. O-O b5 14. cxb5 axb5 15. Nc2 Nc4 16. Bc1 Rc8 17. b3 Ne5 18. Bb2 Nc6 19. Qd2 h5 20. h3 Ne5 21. f4 Ng6 22. Nd4 h4 23. g4 e5 24. fxe5 dxe5 25. Nf5 Bc5+ 26. Kh1 Be6 27. Nd5 Nxd5 28. exd5 Rd8 29. Qc2 Rxd5 30. Rad1 Rxd1 31. Rxd1 Rxa2 32. Qxc5 Rxb2 33. Ne7+ Kh7 34. Nxg6 Kxg6 35. Be4+ Kh6 36. Qe7 f6 37. g5+ Kxg5 38. Qxe6 1-0


[Site "https://www.chess.com"]

[Event "Titled Tuesday Blitz June 28 Late 2022"]
[White "Desideri, Ricardo Maruchi"]
[Black "Shapiro, Daniel"]
[WhiteFideId "2110440"]
[BlackFideId "2001780"]
[WhiteElo "1945"]
[BlackElo "2283"]
[Result "0-1"]
[Round "11"]
[TimeControl "180+1"]
[Date "2022.06.29"]
[WhiteClock "0:00:01"]
[BlackClock "0:00:41"]

1. e4 c5 2. Nf3 e6 3. d4 cxd4 4. Nxd4 a6 5. g4 Bc5 6. Nb3 Be7 7. Be3 h6 8. a3 b5 9. Nc3 Bb7 10. Bd3 d6 11. Qd2 Nd7 12. O-O-O Ngf6 13. Rhg1 d5 14. exd5 Nxd5 15. Nxd5 Bxd5 16. Kb1 Ne5 17. f4 Nf3 18. Qe2 Nxg1 19. Rxg1 Qc7 20. Nd4 Bf6 21. g5 hxg5 22. fxg5 Be5 23. g6 f6 24. Nf3 Bd6 25. h4 O-O-O 26. Qf2 Kb7 27. Nd4 Rc8 28. c3 Be5 29. Nc2 Bxc3 30. bxc3 Qxc3 31. Qe2 Qb3+ 32. Kc1 Qa2 33. Kd2 Bb3 34. Ke1 Bxc2 35. Qf3+ Qd5 0-1


[Site "https://www.chess.com"]

[Event "Titled Tuesday Blitz June 28 Late 2022"]
[White "Diaz Rosas, Julio Cesar"]
[Black "Munoz, Francisco Javier"]
[WhiteFideId "5105099"]
[BlackFideId "128368"]
[WhiteElo "2652"]
[BlackElo "2481"]
[Result "1-0"]
[Round "11"]
[TimeControl "180+1"]
[Date "2022.06.28"]
[WhiteClock "0:00:36"]
[BlackClock "0:00:23"]

1. d4 d5 2. c4 e6 3. Nf3 Nf6 4. g3 Be7 5. Bg2 O-O 6. O-O Ne4 7. Qc2 c6 8. Nc3 f5 9. Rb1 Nd7 10. b4 Ndf6 11. b5 Bd7 12. a4 Be8 13. Ne5 Bd6 14. Rd1 Qe7 15. a5 Bxe5 16. dxe5 Ng4 17. cxd5 cxd5 18. Nxe4 fxe4 19. f4 exf3 20. exf3 Bg6 21. Qc3 Rac8 22. Ba3 Rxc3 23. Bxe7 Re8 24. Bb4 Bxb1 25. Bxc3 Bc2 26. Rc1 Ne3 27. Bd4 Nf5 28. Bxa7 Bd3 29. Bf1 Bxf1 30. Kxf1 Ra8 31. Bb6 d4 32. Ke2 Ne7 33. Rc7 Nd5 34. Rxb7 Nxb6 35. axb6 Ra5 36. Rc7 Rxb5 37. b7 Rxe5+ 38. Kd3 Rb5 39. Rc8+ Kf7 40. b8=Q Rxb8 41. Rxb8 e5 42. Rb6 1-0


[Site "https://www.chess.com"]

[Event "Titled Tuesday Blitz June 28 Late 2022"]
[White "Estrada Nieto, Julian"]
[Black "Prieto Aranguren, Alain"]
[WhiteFideId "5101018"]
[BlackFideId "2268906"]
[WhiteElo "2479"]
[BlackElo "2371"]
[Result "1/2-1/2"]
[Round "11"]
[TimeControl "180+1"]
[Date "2022.06.28"]
[WhiteClock "0:00:11"]
[BlackClock "0:00:50"]

1. e4 c6 2. d4 d5 3. exd5 cxd5 4. Bd3 Nc6 5. c3 Qc7 6. Ne2 Bg4 7. O-O e6 8. Qe1 Bd6 9. f3 Bh5 10. Qh4 Nf6 11. Bg5 Bg6 12. Bxg6 fxg6 13. Nd2 O-O 14. Bf4 Nh5 15. Bxd6 Qxd6 16. f4 Ne7 17. Qh3 Nxf4 18. Nxf4 Rxf4 19. Rxf4 Qxf4 20. Qxe6+ Qf7 21. Re1 Rf8 22. Nf3 Nf5 23. Qxf7+ Kxf7 24. Ng5+ Kg8 25. Re6 h6 26. Nf3 Rf7 27. Ne5 Re7 28. Rxe7 Nxe7 29. Kf2 g5 30. Ke3 Kf8 31. Kd3 Nf5 32. c4 dxc4+ 33. Nxc4 Ke7 34. Ke4 Nh4 35. g3 Ng6 36. Ne5 Nf8 37. d5 Nh7 38. Nc4 Nf6+ 39. Kd4 b5 40. Ne5 Kd6 41. Nf7+ Ke7 42. Ne5 Kd6 43. Nf7+ Kd7 44. Ne5+ Kd6 1/2-1/2


[Site "https://www.chess.com"]

[Event "Titled Tuesday Blitz June 28 Late 2022"]
[White "Florescu, Codrut-Constantin"]
[Black "Flynn, Jacob"]
[WhiteFideId "1202200"]
[BlackFideId "2509393"]
[WhiteElo "2191"]
[BlackElo "1896"]
[Result "1-0"]
[Round "11"]
[TimeControl "180+1"]
[Date "2022.06.29"]
[WhiteClock "0:01:24"]
[BlackClock "0:00:02"]

1. d4 Nf6 2. Nf3 d5 3. c4 e6 4. Nc3 c5 5. cxd5 exd5 6. g3 Nc6 7. Bg2 cxd4 8. Nxd4 Bc5 9. Nxc6 bxc6 10. O-O O-O 11. Na4 Bb6 12. b3 Re8 13. Bb2 Bf5 14. e3 Be4 15. Bd4 Bxg2 16. Kxg2 Ne4 17. Rc1 Rc8 18. Nc5 Qe7 19. Qc2 Nxc5 20. Bxc5 Bxc5 21. Qxc5 Qe4+ 22. Kg1 Rc7 23. Rfd1 h5 24. Rd4 Qe5 25. h4 g6 26. b4 Re6 27. a3 Rce7 28. Rd2 Kg7 29. Qd4 Qxd4 30. Rxd4 Rb7 31. Rc5 Kf6 32. Kf1 Ke7 33. Ke2 Kd7 34. Rf4 Kd6 35. Kd3 Rc7 36. Kd4 Rce7 37. Ra5 Re4+ 38. Rxe4 Rxe4+ 39. Kd3 Re7 40. Ra6 Rc7 41. Kd4 Rb7 42. Ra5 Re7 43. Kd3 Rb7 44. e4 dxe4+ 45. Kxe4 Re7+ 46. Kd3 Re1 47. Rxa7 f5 48. Rg7 Re5 49. a4 1-0


[Site "https://www.chess.com"]

[Event "Titled Tuesday Blitz June 28 Late 2022"]
[White "Gaehwiler, Gabriel"]
[Black "Howell, David W L"]
[WhiteFideId "1314530"]
[BlackFideId "410608"]
[WhiteElo "2736"]
[BlackElo "2919"]
[Result "0-1"]
[Round "11"]
[TimeControl "180+1"]
[Date "2022.06.28"]
[WhiteClock "0:00:06"]
[BlackClock "0:00:58"]

1. Nf3 Na6 2. c4 g6 3. h4 Nf6 4. d4 c5 5. d5 b5 6. cxb5 Nc7 7. Nc3 a6 8. e4 axb5 9. e5 b4 10. exf6 bxc3 11. bxc3 exf6 12. h5 g5 13. Bc4 d6 14. O-O Be7 15. Re1 h6 16. Qe2 Kf8 17. a4 f5 18. a5 Bf6 19. Bb2 Kg7 20. a6 Bd7 21. Qd3 Ra7 22. Nd2 Qa8 23. Nf1 Rb8 24. Re2 f4 25. Rc2 Bg4 26. Nd2 Bxh5 27. Ne4 Bg6 28. Re1 Nxa6 29. Qf3 Be5 30. Rce2 f6 31. Nd2 Rxb2 0-1


[Site "https://www.chess.com"]

[Event "Titled Tuesday Blitz June 28 Late 2022"]
[White "Glavina, Pablo"]
[Black "Yuan, Qingyu"]
[WhiteFideId "100234"]
[BlackFideId "8609772"]
[WhiteElo "2255"]
[BlackElo "2762"]
[Result "1-0"]
[Round "11"]
[TimeControl "180+1"]
[Date "2022.06.28"]
[WhiteClock "0:00:26"]
[BlackClock "0:00:02"]

1. e4 c6 2. d3 d5 3. Nf3 dxe4 4. dxe4 Qxd1+ 5. Kxd1 Nf6 6. Nbd2 g6 7. c3 Bh6 8. Bc4 Nbd7 9. Kc2 b5 10. Be2 Nc5 11. Nb3 Nxb3 12. axb3 Bxc1 13. Rhxc1 Nxe4 14. Nd4 Nxf2 15. Bf3 O-O 16. Bxc6 Rb8 17. Re1 Ng4 18. Rxe7 a6 19. h3 Nf6 20. Rf1 Kg7 21. g4 h6 22. b4 Rb6 23. Bf3 Rd6 24. Rfe1 Rfd8 25. Rc7 R6d7 26. Re7 Rxe7 27. Rxe7 Re8 28. Ra7 Nh7 29. Kd2 Ng5 30. Bg2 h5 31. gxh5 gxh5 32. Ra8 Kf6 33. h4 Ne6 34. Nxe6 fxe6 35. Bb7 Bd7 36. Rxe8 Bxe8 37. Bxa6 Ke5 38. Bc8 Bc6 39. Ke3 Bd5 40. Bd7 Bc4 41. Be8 Kf5 42. Bxh5 e5 43. Be2 Bxe2 44. Kxe2 Kg4 45. c4 bxc4 46. b5 c3 47. bxc3 Kxh4 48. b6 1-0


[Site "https://www.chess.com"]

[Event "Titled Tuesday Blitz June 28 Late 2022"]
[White "Goncalves, Davi Sulzbacher"]
[Black "Rustemov, Alexander"]
[WhiteFideId "2154510"]
[BlackFideId "4119002"]
[WhiteElo "2487"]
[BlackElo "2725"]
[Result "0-1"]
[Round "11"]
[TimeControl "180+1"]
[Date "2022.06.28"]
[WhiteClock "0:00:09"]
[BlackClock "0:00:56"]

1. d4 g6 2. c4 Bg7 3. Nc3 c5 4. d5 Bxc3+ 5. bxc3 f5 6. e4 fxe4 7. f3 e5 8. fxe4 d6 9. Be2 Qe7 10. Nf3 h6 11. O-O Nf6 12. Nh4 Qg7 13. Rxf6 Qxf6 14. Nxg6 Rh7 15. Bh5 Kd8 16. Be3 Kc7 17. Qa4 Nd7 18. Rf1 Qd8 19. Bf2 Qg5 20. g4 Nb6 21. Qd1 Bxg4 22. Qxg4 Qxg4+ 23. Bxg4 Rg8 24. Bf5 Rhg7 25. Bg3 Rxg6 26. Bxg6 Rxg6 27. Rf7+ Kc8 28. Rf8+ Kd7 29. Rf7+ Ke8 30. Rxb7 Nxc4 31. Rxa7 Nd2 32. Ra8+ Kd7 33. Ra7+ Kc8 34. Ra4 Nb1 35. Rc4 Kb7 36. Kf2 Kb6 37. Ke2 Kb5 38. Kd3 Na3 0-1


[Site "https://www.chess.com"]

[Event "Titled Tuesday Blitz June 28 Late 2022"]
[White "Gurevich, Dmitry"]
[Black "Wang, Isaac"]
[WhiteFideId "2000407"]
[BlackFideId "30977185"]
[WhiteElo "2506"]
[BlackElo "2342"]
[Result "0-1"]
[Round "11"]
[TimeControl "180+1"]
[Date "2022.06.29"]
[WhiteClock "0:01:05"]
[BlackClock "0:00:15"]

1. d4 d5 2. c4 c6 3. Nf3 Nf6 4. Nc3 e6 5. Bg5 h6 6. Bh4 g5 7. Bg3 dxc4 8. e4 b5 9. e5 Nd5 10. Nd2 Bb4 11. Rc1 Qa5 12. Qf3 Nd7 13. Be2 h5 14. h3 Bb7 15. O-O a6 16. Nde4 Be7 17. Nd6+ Bxd6 18. exd6 f5 19. a3 O-O-O 20. Bd1 f4 21. Bh2 Rdg8 22. Qe4 Rh6 23. Kh1 Qd8 24. Re1 Qf6 25. Qe2 g4 26. Ne4 Qf5 27. Nc5 Nxc5 28. dxc5 Kd7 29. Bc2 Qf6 30. Be4 f3 31. gxf3 Nf4 32. Bxf4 Qxf4 33. Qe3 Qf6 34. f4 gxh3 35. Qxh3 Rg4 36. Bf3 Rh4 37. Qxh4 Qxh4+ 38. Kg2 Qxf4 39. Re3 Rg6+ 40. Kf1 h4 41. Rce1 h3 42. Ke2 h2 43. Re4 Qf6 44. Rh1 Qxb2+ 45. Ke3 Rh6 46. Bg4 Qxa3+ 47. Kf4 Qxc5 48. Kg3 Qxd6+ 0-1


[Site "https://www.chess.com"]

[Event "Titled Tuesday Blitz June 28 Late 2022"]
[White "Haussernot, Cecile"]
[Black "Fawole, John Oyeyemi"]
[WhiteFideId "601632"]
[BlackFideId "8501319"]
[WhiteElo "2288"]
[BlackElo "2091"]
[Result "1-0"]
[Round "11"]
[TimeControl "180+1"]
[Date "2022.06.29"]
[WhiteClock "0:01:07"]
[BlackClock "0:00:05"]

1. e4 c5 2. Nf3 d6 3. d4 cxd4 4. Nxd4 Nf6 5. Nc3 a6 6. h3 h5 7. Bg5 Nbd7 8. Qd2 e6 9. O-O-O Qb6 10. f4 Be7 11. Be2 Qc7 12. g4 b5 13. gxh5 b4 14. Nb1 Nxe4 15. Qe3 Nxg5 16. fxg5 Qc5 17. Rhg1 Ne5 18. h6 g6 19. Bf3 Ra7 20. Be4 Rc7 21. Qf4 O-O 22. h4 Nc4 23. Bxg6 fxg6 24. Qe4 Ne5 25. h5 Bb7 26. Qe3 1-0


[Site "https://www.chess.com"]

[Event "Titled Tuesday Blitz June 28 Late 2022"]
[White "Hua, Lefong"]
[Black "Ozates, Tuna"]
[WhiteFideId "2602253"]
[BlackFideId "6354521"]
[WhiteElo "2618"]
[BlackElo "2499"]
[Result "1-0"]
[Round "11"]
[TimeControl "180+1"]
[Date "2022.06.28"]
[WhiteClock "0:00:18"]
[BlackClock "0:00:01"]

1. d4 Nf6 2. c4 g6 3. Nc3 Bg7 4. e4 O-O 5. f4 d6 6. Nf3 c5 7. d5 e6 8. Be2 exd5 9. cxd5 b5 10. e5 Nfd7 11. O-O dxe5 12. Bxb5 Qb6 13. Bc4 Ba6 14. Qe2 e4 15. Nxe4 Re8 16. Qc2 Bxc4 17. Qxc4 Bd4+ 18. Kh1 Rxe4 19. Ng5 Re8 20. d6 Rf8 21. f5 Ne5 22. Qe2 Qxd6 23. Ne4 Qc6 24. Bg5 Nbd7 25. Be7 Rae8 26. f6 h5 27. Qd2 Ng4 28. Ng5 Ndxf6 29. Bxf8 Rxf8 30. Rae1 Ne3 31. Rxe3 Bxe3 32. Qxe3 Ng4 33. Qf4 Qd5 34. h3 Nh6 35. Ne4 Qd4 36. Nf6+ Kg7 37. Qg5 Nf5 38. Rxf5 Qd1+ 39. Kh2 Qd6+ 40. Rf4 h4 41. Nh5+ 1-0


[Site "https://www.chess.com"]

[Event "Titled Tuesday Blitz June 28 Late 2022"]
[White "Ipek, Egehan"]
[Black "Premnath, R."]
[WhiteFideId "44523793"]
[BlackFideId "5021928"]
[WhiteElo "1413"]
[BlackElo "2603"]
[Result "0-1"]
[Round "11"]
[TimeControl "180+1"]
[Date "2022.06.29"]
[WhiteClock "0:00:05"]
[BlackClock "0:00:14"]

1. c4 Nf6 2. Nf3 e6 3. g3 d5 4. Bg2 Be7 5. O-O O-O 6. d4 c5 7. cxd5 Nxd5 8. e4 Nf6 9. Nc3 cxd4 10. Nxd4 e5 11. Nf5 Bxf5 12. exf5 Nc6 13. Be3 Rc8 14. Qa4 Qd3 15. Ne4 b5 16. Nxf6+ Bxf6 17. Qa6 Nd4 18. Qxa7 Qxf5 19. Rad1 Rc2 20. Bxd4 exd4 21. b3 Rd8 22. Qb7 Rxa2 23. Be4 Qh5 24. Bf3 Qc5 25. Rc1 Qb4 26. Bd5 Qe7 27. Rfe1 Qxb7 28. Bxb7 g6 29. Rc6 Kg7 30. Rc7 d3 31. Rd1 d2 32. Bf3 b4 33. Kf1 Bc3 34. Ke2 Re8+ 35. Kd3 Re1 36. Rd7 Rb2 37. Kc4 Rc2 38. Kd3 Rc1 39. Rxd2 Bxd2 40. Kxd2 Rb1 41. Bd5 Red1+ 42. Ke3 Rxb3+ 43. Ke2 Rbd3 44. Rxf7+ Kh6 45. Be4 R1d2+ 46. Ke1 Rd7 47. Bf3 Rxf7 48. Kxd2 Rxf3 49. Ke2 Ra3 50. h4 b3 51. g4 b2 0-1


[Site "https://www.chess.com"]

[Event "Titled Tuesday Blitz June 28 Late 2022"]
[White "Isajevsky, Anton"]
[Black "Diaz, Fernando"]
[WhiteFideId "4142500"]
[BlackFideId "3701255"]
[WhiteElo "2510"]
[BlackElo "1934"]
[Result "1-0"]
[Round "11"]
[TimeControl "180+1"]
[Date "2022.06.29"]
[WhiteClock "0:00:03"]
[BlackClock "0:00:02"]

1. d4 e5 2. Nf3 e4 3. Nfd2 d5 4. c4 c6 5. Nc3 Nf6 6. e3 a6 7. f3 exf3 8. Nxf3 b5 9. cxd5 cxd5 10. Bd3 Bg4 11. O-O Bd6 12. e4 dxe4 13. Nxe4 Nxe4 14. Bxe4 Ra7 15. Qd3 h6 16. h3 Bd7 17. Ne5 Be6 18. Qg3 f6 19. Qg6+ Kf8 20. Be3 Qe8 21. Rae1 Bxe5 22. dxe5 Qxg6 23. Bxg6 Re7 24. Bc5 Nd7 25. Bxe7+ Kxe7 26. exf6+ gxf6 27. Bf5 Ne5 28. Bxe6 Kxe6 29. Re2 Rg8 30. Rd1 Rg3 31. Kf2 Rg8 32. Red2 a5 33. Rd6+ Ke7 34. Rb6 b4 35. Rdd6 Nc4 36. Re6+ Kd7 37. Ra6 Rf8 38. b3 Kc7 39. Rec6+ Kd7 40. bxc4 f5 41. Rxh6 f4 42. Ra7+ Ke8 43. Rhh7 Rf7 44. Rhxf7 1-0


[Site "https://www.chess.com"]

[Event "Titled Tuesday Blitz June 28 Late 2022"]
[White "Janturin, Artur"]
[Black "Curtis, John"]
[WhiteFideId "4130022"]
[BlackFideId "3200256"]
[WhiteElo "2369"]
[BlackElo "2203"]
[Result "1-0"]
[Round "11"]
[TimeControl "180+1"]
[Date "2022.06.29"]
[WhiteClock "0:00:39"]
[BlackClock "0:00:03"]

1. b3 d5 2. Bb2 c6 3. g3 Bf5 4. Bg2 Nf6 5. d3 e6 6. Nd2 Be7 7. e4 dxe4 8. dxe4 Bg6 9. Qe2 a5 10. a3 Nbd7 11. Ngf3 Qc7 12. O-O O-O 13. Nh4 Ne8 14. Nxg6 hxg6 15. e5 Rb8 16. f4 Nb6 17. h4 a4 18. b4 c5 19. b5 c4 20. Ne4 Nd5 21. Bd4 Rc8 22. h5 b6 23. Bh3 gxh5 24. Qxh5 Qd7 25. c3 f5 26. Qg6 1-0


[Site "https://www.chess.com"]

[Event "Titled Tuesday Blitz June 28 Late 2022"]
[White "Jaskolka, Tomasz"]
[Black "Averjanov, Alexey"]
[WhiteFideId "1170791"]
[BlackFideId "14109867"]
[WhiteElo "2479"]
[BlackElo "2650"]
[Result "1/2-1/2"]
[Round "11"]
[TimeControl "180+1"]
[Date "2022.06.28"]
[WhiteClock "0:00:19"]
[BlackClock "0:00:52"]

1. d4 d5 2. Bf4 Nf6 3. e3 e6 4. c3 c5 5. Nd2 Bd6 6. Bg3 Qc7 7. Ngf3 Nbd7 8. Bd3 O-O 9. Qe2 e5 10. dxe5 Nxe5 11. Nxe5 Bxe5 12. Bxe5 Qxe5 13. Nf3 Qe7 14. h3 b6 15. O-O-O Bb7 16. Kb1 Ne4 17. Nd2 Rad8 18. Nxe4 dxe4 19. Bc4 Rxd1+ 20. Rxd1 Rd8 21. Kc2 g6 22. Rxd8+ Qxd8 23. Qd2 Qxd2+ 24. Kxd2 Kg7 25. a4 a5 26. b4 axb4 27. cxb4 cxb4 28. Kc2 Bc6 29. Kb3 Kf6 30. Kxb4 Ke7 31. Bb5 Bb7 32. Kc4 Kd6 33. Kd4 f5 34. h4 h6 35. Be8 g5 36. hxg5 hxg5 37. g3 Bd5 38. Bg6 Be6 39. Be8 Bb3 40. g4 fxg4 41. Kxe4 Be6 42. Kd4 Bc8 43. e4 Ke7 44. Bb5 Kf6 45. e5+ Kf5 46. Be2 Be6 47. Bd1 Kf4 48. Be2 Bb3 49. Kc3 Bxa4 50. e6 g3 51. fxg3+ Kxg3 52. Kd4 Kf4 53. Kd5 g4 54. Kd6 g3 55. Bf1 Kf3 56. e7 Be8 57. Kc7 b5 58. Kd8 Bc6 59. Kc7 Be8 60. Kd8 Kf2 61. Kxe8 Kxf1 62. Kd8 g2 63. e8=Q g1=Q 64. Qxb5+ Kg2 65. Qg5+ Kh1 66. Qh4+ Qh2 67. Qxh2+ Kxh2 1/2-1/2


[Site "https://www.chess.com"]

[Event "Titled Tuesday Blitz June 28 Late 2022"]
[White "Jessel, Stephen"]
[Black "Riehle, Marco"]
[WhiteFideId "628859"]
[BlackFideId "12904392"]
[WhiteElo "2588"]
[BlackElo "2845"]
[Result "0-1"]
[Round "11"]
[TimeControl "180+1"]
[Date "2022.06.28"]
[WhiteClock "0:00:07"]
[BlackClock "0:00:29"]

1. Nf3 d5 2. c4 e6 3. g3 Nf6 4. Bg2 c5 5. e3 Nc6 6. O-O Be7 7. b3 O-O 8. Bb2 d4 9. exd4 cxd4 10. Re1 a5 11. d3 Re8 12. Ne5 Nxe5 13. Rxe5 Bd6 14. Bxd4 Bxe5 15. Bxe5 Nd7 16. Bc3 e5 17. Nd2 Nc5 18. Ne4 Nxd3 19. Qh5 Qc7 20. Rd1 Nb4 21. Bxe5 Qe7 22. Bd6 Qe6 23. a3 Nc6 24. Ng5 Qg6 25. Qxg6 hxg6 26. Bd5 Nd8 27. Bc7 Ne6 28. Nxe6 Bxe6 29. Bxb7 Ra7 30. Bc6 Rc8 31. Bb6 Ra6 32. Bb7 Rxb6 33. Bxc8 Bxc8 34. Rd8+ Kh7 35. Rxc8 Rxb3 36. Rc7 f6 37. a4 Rb4 38. h4 Rxa4 39. Kg2 Rb4 40. Ra7 Rxc4 41. Rxa5 Rc6 42. Ra3 Rc4 43. Ra8 Rc5 44. Kf3 g5 45. hxg5 Rxg5 46. Kg2 Kg6 47. Ra3 Rb5 48. Rc3 Kf5 49. Rf3+ Kg5 50. Re3 Rb2 51. Re7 g6 52. Rd7 f5 53. Rc7 Kf6 54. Rc6+ Kf7 55. Kf3 g5 56. Kg2 Rb5 57. Ra6 Kg7 58. Kf3 Re5 59. Kg2 Re4 60. Rb6 Kf7 61. Ra6 Re6 62. Kf3 Rxa6 0-1


[Site "https://www.chess.com"]